 Dungeon Crawl Stone Soup version 0.22-a0-86-g94e0ad4 (webtiles) character file.

16 jardin the Skirmisher (level 2, 0/21 HPs)
             Began as a Halfling Abyssal Knight on Jan 22, 2018.
             Was a Follower of Lugonu.
             Succumbed to an adder's poison
             ... on level 2 of the Dungeon.
             The game lasted 00:08:08 (352 turns).

jardin the Skirmisher (Halfling Abyssal Knight)      Turns: 352, Time: 00:08:09

Health: 0/21       AC:  3    Str: 13    XL:     2   Next: 70%
Magic:  3/3        EV: 13    Int: 10    God:    Lugonu [*.....]
Gold:   0          SH:  0    Dex: 13    Spells: 1/1 levels left

rFire    . . .     SeeInvis .   a - +1 short sword
rCold    . . .     Gourm    .   (shield restricted)
rNeg     + . .     Faith    .   b - +0 leather armour
rPois    .         Spirit   .   (no helmet)
rElec    .         Reflect  .   (no cloak)
rCorr    .         Harm     .   (no gloves)
MR       .....                  (no boots)
Stlth    +.........             (no amulet)
HPRegen  0.07/turn              c - ring of positive energy
MPRegen  0.08/turn              (no ring)

@: lethally poisoned (0 -> -12)
A: small, mutation resistance 1
a: Depart the Abyss, Renounce Religion


You were on level 2 of the Dungeon.
You worshipped Lugonu.
Lugonu was aware of your devotion.
You were full.

You visited 1 branch of the dungeon, and saw 2 of its levels.
You visited the Abyss 1 time.

Inventory:

Hand Weapons
 a - a +1 short sword (weapon)
Missiles
 e - 36 arrows
Armour
 b - a +0 leather armour (worn)
Jewellery
 c - a ring of positive energy (left hand)


   Skills:
 + Level 3.3 Fighting
 + Level 2.6 Short Blades
 + Level 2.2 Armour
 + Level 1.1 Dodging
 + Level 2.0 Invocations


You had one spell level left.
You didn't know any spells.

Dungeon Overview and Level Annotations

Branches:
Dungeon (2/15)

Altars:


Innate Abilities, Weirdness & Mutations

You are small and have problems with some larger weapons.
You are somewhat resistant to further mutation.


Message History

The slug dart misses you.
* * * LOW HITPOINT WARNING * * *
You feel sick.
You closely miss the adder.
The adder is moderately wounded.
* * * LOW HITPOINT WARNING * * *
You feel sick. The adder bites you.
* * * LOW HITPOINT WARNING * * *
You are more poisoned.
The adder poisons you!
You hit the adder.
The adder is moderately wounded.
* * * LOW HITPOINT WARNING * * *
You feel sick. The adder bites you but does no damage. The adder bites you.
* * * LOW HITPOINT WARNING * * *
There are no items here.
Setting a skill training target for Short Blades at 12.0.
You closely miss the adder.
The adder is moderately wounded.
You die...

#..# #.##.
###..# #.##.
....# #.##.
#..# #.#
#..#########.#
#............#
#.#
#..###########
.....####..#
#......@Sw.#
##.######..#
#.## #.# #.#
#.# %.. .#


You could see an adder and a dart slug.

Vanquished Creatures
  An adder (D:2)
  A goblin (D:1)
  A hobgoblin (D:1)
  4 bats
7 creatures vanquished.

Notes
Turn   | Place    | Note
-------+----------+-------------------------------------------
     0 | Abyss:1  | jardin the Halfling Abyssal Knight began the quest for the Orb.
     0 | Abyss:1  | Reached XP level 1. HP: 15/15 MP: 2/2
    16 | D:1      | Escaped the Abyss
    97 | D:2      | Reached skill level 3 in Fighting
    97 | D:2      | Reached XP level 2. HP: 12/21 MP: 3/3
   351 | D:2      | HP: 1/21 [adder (2)]
   352 | D:2      | Succumbed to an adder's poison

Vault maps used:
D:1:      lightli_arrival_chessboard
D:2:      first_ration, minmay_randomly_rotated_circles

Skill      XL: |  1 |
---------------+----+-----
Fighting       | 3 |  3.3
Short Blades   | |  2.6
Armour         | |  2.2
Dodging        | |  1.1
Invocations    | |  2.0

Action                   || total
-------------------------++-------
Melee: Short sword       ||    31
  Use: Scroll            ||     1
  Eat: Ration            ||     1
Armor: Leather armour    ||    10
Dodge: Dodged            ||    26

Table legend:
 A = Spawn XP
 B = Non-spawn XP
 C = Spawn XP percentage of total XP
 D = Spawn monster count
 E = Non-spawn monster count
 F = Spawn count percentage of total count
 G = Total turns spent on level
                    A         B        C        D         E        F      G
               +---------+---------+-------+---------+---------+-------+---------
         Total |       0 |      23 |   0.0 |       0 |       7 |   0.0 |   352
               +---------+---------+-------+---------+---------+-------+---------
           D:1 |       0 |       5 |   0.0 |       0 |       3 |   0.0 |    43
           D:2 |       0 |      18 |   0.0 |       0 |       4 |   0.0 |   293
               +---------+---------+-------+---------+---------+-------+---------
